MWL
BURLINGTON BEES @ QUINCY CUBS
07/12/1982
 
TOP OF THE 1ST
Decatur Commodores batting - Pitching for Clinton Pilots : RHP Kevin Gross
Pitching: RHP Kevin Gross
Batting: SHB Daniel Wieser 0-0: DOUBLE (Line Drive, 9LM, EV 105.6 MPH)
Batting: SHB Rondin Johnson 0-0: Foul Ball, location: 2F
0-1: Ground out 4-3 (Groundball, 4, EV 85.0 MPH)
Daniel Wieser to third
Batting: LHB Jeffrey Szczecinski 0-0: Ball
1-0: Ball
2-0: Foul Ball, location: 2F
2-1: Foul Ball, location: 2F
2-2: Ground out 1-3 (Groundball, 15S, EV 63.1 MPH)
Batting: SHB Roger Holt 0-0: Foul Ball, location: 2F
0-1: Ball
1-1: Fly out, F6 (Line Drive, 6, EV 70.0 MPH)
Top of the 1st over - 0 runs, 1 hit, 0 errors, 1 left on base; Decatur 0 - Clinton 0
BOTTOM OF THE 1ST
Clinton Pilots batting - Pitching for Decatur Commodores : RHP Lee Tunnell
Pitching: RHP Lee Tunnell
Batting: LHB Roman Dusquesne 0-0: Ball
1-0: Ball
2-0: Ball
3-0: Called Strike
3-1: Called Strike
3-2: Fly out, F9 (Line Drive, 9, EV 91.3 MPH)
Batting: RHB Edwin Rodriguez 0-0: Called Strike
0-1: Ball
1-1: Ball
2-1: Fly out, F8 (Flyball, 8RM, EV 81.3 MPH)
Batting: RHB Mark Parent 0-0: Ball
1-0: Ground out 6-3 (Groundball, 6M, EV 101.9 MPH)
Bottom of the 1st over - 0 runs, 0 hits, 0 errors, 0 left on base; Decatur 0 - Clinton 0
TOP OF THE 2ND
Decatur Commodores batting - Pitching for Clinton Pilots : RHP Kevin Gross
Batting: LHB Jerry Miller 0-0: Fly out, F8 (Flyball, 8RD, EV 80.0 MPH)
Batting: LHB Samuel Taves 0-0: Ball
1-0: Called Strike
1-1: Foul Ball, location: 2F
1-2: Ball
2-2: Strikes out swinging, 2-3 out at first.
Batting: RHB Miguelito DeLaCruz 0-0: Called Strike
0-1: Ball
1-1: Called Strike
1-2: Strikes out swinging
Top of the 2nd over - 0 runs, 0 hits, 0 errors, 0 left on base; Decatur 0 - Clinton 0
BOTTOM OF THE 2ND
Clinton Pilots batting - Pitching for Decatur Commodores : RHP Lee Tunnell
Batting: RHB Abe Rael 0-0: Called Strike
0-1: SINGLE (Flyball, 5D, EV 91.9 MPH)
Batting: RHB Joseph Rietano 0-0: Ball
1-0: Fly out, F8 (Line Drive, 8RD, EV 86.9 MPH)
Batting: RHB Alberto Reyes 0-0: Ball
1-0: Called Strike
1-1: Fly out, F8 (Line Drive, 8LD, EV 87.5 MPH)
Batting: LHB Juan Flores 0-0: Foul Ball, location: 2F
0-1: DOUBLE (Flyball, 8RXD, EV 95.0 MPH)
Abe Rael to third
Runner from 3rd tries for Home, SAFE, throw by CF to trailing runner, SAFE at third!
Batting: LHB Epifano Martinez 0-0: Swinging Strike
0-1: Foul Ball, location: 2F
0-2: Ball
1-2: Foul Ball, location: 2F
1-2: Foul Ball, location: 2F
1-2: Foul Ball, location: 2F
1-2: Strikes out swinging
Bottom of the 2nd over - 1 run, 2 hits, 0 errors, 1 left on base; Decatur 0 - Clinton 1
TOP OF THE 3RD
Decatur Commodores batting - Pitching for Clinton Pilots : RHP Kevin Gross
Batting: LHB Rufus Thompson 0-0: Called Strike
0-1: Called Strike
0-2: Ball
1-2: Fly out, F9 (Flyball, 9LM, EV 90.0 MPH)
Batting: RHB Rafael Sanchez 0-0: Called Strike
0-1: Called Strike
0-2: Strikes out swinging
Batting: SHB Daniel Wieser 0-0: Ball
1-0: Fly out, F6 (Popup, 6D, EV 71.9 MPH)
Top of the 3rd over - 0 runs, 0 hits, 0 errors, 0 left on base; Decatur 0 - Clinton 1
BOTTOM OF THE 3RD
Clinton Pilots batting - Pitching for Decatur Commodores : RHP Lee Tunnell
Batting: SHB Kurt Seibert 0-0: Ball
1-0: Ball
2-0: Ground out 2-3 (Groundball, 15S, EV 72.5 MPH)
Batting: LHB Roman Dusquesne 0-0: Called Strike
0-1: Ground out 4-3 (Groundball, 4, EV 93.1 MPH)
Batting: RHB Edwin Rodriguez 0-0: Called Strike
0-1: Ball
1-1: Foul Ball, location: 2F
1-2: Ground out 4-3 (Groundball, 4, EV 93.8 MPH)
Bottom of the 3rd over - 0 runs, 0 hits, 0 errors, 0 left on base; Decatur 0 - Clinton 1
TOP OF THE 4TH
Decatur Commodores batting - Pitching for Clinton Pilots : RHP Kevin Gross
Batting: SHB Rondin Johnson 0-0: Swinging Strike
0-1: Ball
1-1: Swinging Strike
1-2: Ball
2-2: Foul Ball, location: 2F
2-2: Foul Ball, location: 2F
2-2: Strikes out swinging
Batting: LHB Jeffrey Szczecinski 0-0: Fly out, F7 (Line Drive, 7D, EV 98.1 MPH)
Batting: SHB Roger Holt 0-0: Ball
1-0: Ground out 2-3 (Groundball, 2L, EV 72.5 MPH)
Top of the 4th over - 0 runs, 0 hits, 0 errors, 0 left on base; Decatur 0 - Clinton 1
BOTTOM OF THE 4TH
Clinton Pilots batting - Pitching for Decatur Commodores : RHP Lee Tunnell
Batting: RHB Mark Parent 0-0: Ball
1-0: Fly out, F7 (Flyball, 7LS, EV 86.3 MPH)
Batting: RHB Abe Rael 0-0: Called Strike
0-1: Ball
1-1: Ball
2-1: Ball
3-1: Base on Balls
Batting: RHB Joseph Rietano 0-0: Called Strike
0-1: Grounds into double play, 5-4-3 (Groundball, 56S, EV 86.3 MPH)
Bottom of the 4th over - 0 runs, 0 hits, 0 errors, 0 left on base; Decatur 0 - Clinton 1
TOP OF THE 5TH
Decatur Commodores batting - Pitching for Clinton Pilots : RHP Kevin Gross
Batting: LHB Jerry Miller 0-0: Called Strike
0-1: Ball
1-1: Ball
2-1: SINGLE (Groundball, 4D, EV 102.5 MPH)
Batting: LHB Samuel Taves 0-0: Ball
1-0: Swinging Strike
1-1: Ground out 4-3 (Groundball, 4S, EV 67.5 MPH)
Jerry Miller to second
Batting: RHB Miguelito DeLaCruz 0-0: Ground out 4-3 (Groundball, 4, EV 96.9 MPH)
Jerry Miller to third
Batting: LHB Rufus Thompson 0-0: Ball
1-0: Ball
2-0: Ground out 6-3 (Groundball, 6, EV 78.1 MPH)
Top of the 5th over - 0 runs, 1 hit, 0 errors, 1 left on base; Decatur 0 - Clinton 1
BOTTOM OF THE 5TH
Clinton Pilots batting - Pitching for Decatur Commodores : RHP Lee Tunnell
Batting: RHB Alberto Reyes 0-0: Ground out 6-3 (Groundball, 56, EV 90.0 MPH)
Batting: LHB Juan Flores 0-0: Ball
1-0: Swinging Strike
1-1: Fly out, F7 (Line Drive, 7, EV 91.9 MPH)
Batting: LHB Epifano Martinez 0-0: Called Strike
0-1: Ball
1-1: Ball
2-1: Ground out 5-3 (Groundball, 56, EV 103.1 MPH)
Bottom of the 5th over - 0 runs, 0 hits, 0 errors, 0 left on base; Decatur 0 - Clinton 1
TOP OF THE 6TH
Decatur Commodores batting - Pitching for Clinton Pilots : RHP Kevin Gross
Batting: RHB Rafael Sanchez 0-0: Foul Ball, location: 2F
0-1: Foul Ball, location: 2F
0-2: Strikes out swinging
Batting: SHB Daniel Wieser 0-0: Called Strike
0-1: Ball
1-1: Foul Ball, location: 2F
1-2: Foul Ball, location: 2F
1-2: Foul Ball, location: 2F
1-2: Ball
2-2: Foul Ball, location: 2F
2-2: Strikes out looking
Batting: SHB Rondin Johnson 0-0: Called Strike
0-1: Ground out U3 (Groundball, 3, EV 89.4 MPH)
Top of the 6th over - 0 runs, 0 hits, 0 errors, 0 left on base; Decatur 0 - Clinton 1
BOTTOM OF THE 6TH
Clinton Pilots batting - Pitching for Decatur Commodores : RHP Lee Tunnell
Batting: SHB Kurt Seibert 0-0: Ground out 3-1 (Groundball, 34S, EV 80.6 MPH)
Batting: LHB Roman Dusquesne 0-0: Bunt missed!
0-1: Ball
1-1: Ball
2-1: Ball
3-1: Called Strike
3-2: Foul Ball, location: 2F
3-2: Foul Ball, location: 2F
3-2: Base on Balls
Batting: RHB Edwin Rodriguez 0-0: SINGLE (Groundball, 4S, EV 61.9 MPH) (infield hit)
Roman Dusquesne to second
Batting: RHB Mark Parent 0-0: Grounds into double play, 6-4-3 (Groundball, 6, EV 84.4 MPH)
Bottom of the 6th over - 0 runs, 1 hit, 0 errors, 1 left on base; Decatur 0 - Clinton 1
TOP OF THE 7TH
Decatur Commodores batting - Pitching for Clinton Pilots : RHP Kevin Gross
Batting: LHB Jeffrey Szczecinski 0-0: Foul Ball, location: 2F
0-1: Foul Ball, location: 2F
0-2: Foul Ball, location: 2F
0-2: Ball
1-2: Foul Ball, location: 2F
1-2: Ball
2-2: Foul Ball, location: 2F
2-2: SINGLE (Groundball, 3S, EV 70.0 MPH) (infield hit)
Batting: SHB Roger Holt 0-0: Ball
1-0: Swinging Strike
1-1: Foul Ball, location: 2F
1-2: Ball
2-2: Fielders Choice at 2nd, 4-6 (Groundball, 4S, EV 79.4 MPH)
Batting: LHB Jerry Miller 0-0: Called Strike
0-1: Foul Ball, location: 2F
0-2: Ball
1-2: Ball
2-2: Ball
3-2: Base on Balls
Roger Holt to second
Pinch Hitting: LHB David Showalter 0-0: Ball
1-0: Reached on error, E4 (Groundball, 4, EV 86.3 MPH)
Roger Holt to third
Jerry Miller to second
Batting: RHB Miguelito DeLaCruz 0-0: Ball
1-0: Fly out, F9 (Flyball, 9D, EV 91.3 MPH)
Runner from 3rd tags up, SCORES, no throw by RF
Jerry Miller to third
Batting: LHB Rufus Thompson 0-0: Ball
David Showalter steals 2nd base
1-0: Swinging Strike
1-1: Swinging Strike
1-2: Foul Ball, location: 2F
1-2: Ball
2-2: Fly out, F9 (Flyball, 9, EV 90.0 MPH)
Top of the 7th over - 1 run, 1 hit, 1 error, 2 left on base; Decatur 1 - Clinton 1
BOTTOM OF THE 7TH
Clinton Pilots batting - Pitching for Decatur Commodores : RHP Lee Tunnell
Now in CF: Donald Johnson
Batting: RHB Abe Rael 0-0: Called Strike
0-1: Called Strike
0-2: Ground out 6-3 (Groundball, 6M, EV 84.4 MPH)
Batting: RHB Joseph Rietano 0-0: Ball
1-0: Foul Ball, location: 2F
1-1: Called Strike
1-2: Ball
2-2: Ground out 5-3 (Groundball, 5, EV 82.5 MPH)
Batting: RHB Alberto Reyes 0-0: Called Strike
0-1: Ball
1-1: Foul Ball, location: 2F
1-2: Ball
2-2: Ball
3-2: Ground out 1-3 (Groundball, 13S, EV 66.9 MPH)
Bottom of the 7th over - 0 runs, 0 hits, 0 errors, 0 left on base; Decatur 1 - Clinton 1
TOP OF THE 8TH
Decatur Commodores batting - Pitching for Clinton Pilots : RHP Kevin Gross
Batting: RHB Rafael Sanchez 0-0: Called Strike
0-1: Ball
1-1: Ball
2-1: Ball
3-1: Foul Ball, location: 2F
3-2: Ground out 5-3 (Groundball, 56, EV 81.9 MPH)
Batting: SHB Daniel Wieser 0-0: Ball
1-0: Ball
2-0: Called Strike
2-1: Foul Ball, location: 2F
2-2: Ball
3-2: Strikes out swinging
Batting: SHB Rondin Johnson 0-0: Ball
1-0: Foul Ball, location: 2F
1-1: Foul Ball, location: 2F
1-2: Foul Ball, location: 2F
1-2: Ground out U3 (Groundball, 34, EV 83.8 MPH)
Top of the 8th over - 0 runs, 0 hits, 0 errors, 0 left on base; Decatur 1 - Clinton 1
BOTTOM OF THE 8TH
Clinton Pilots batting - Pitching for Decatur Commodores : RHP Lee Tunnell
Batting: LHB Juan Flores 0-0: Ball
1-0: Ground out 6-3 (Groundball, 56D, EV 77.5 MPH)
Batting: LHB Epifano Martinez 0-0: Ball
1-0: Swinging Strike
1-1: Fly out, F9 (Flyball, 9D, EV 99.4 MPH)
Batting: SHB Kurt Seibert 0-0: Ground out 4-3 (Groundball, 13, EV 80.6 MPH)
Bottom of the 8th over - 0 runs, 0 hits, 0 errors, 0 left on base; Decatur 1 - Clinton 1
TOP OF THE 9TH
Decatur Commodores batting - Pitching for Clinton Pilots : RHP Kevin Gross
Pitching: RHP Greg Mize
Batting: LHB Jeffrey Szczecinski 0-0: Fly out, F5 (Popup, 5S, EV 91.3 MPH)
Batting: SHB Roger Holt 0-0: Fly out, F9 (Flyball, 9, EV 83.8 MPH)
Batting: LHB Jerry Miller 0-0: Ball
1-0: Ground out 2-3 (Groundball, 2L, EV 64.4 MPH)
Top of the 9th over - 0 runs, 0 hits, 0 errors, 0 left on base; Decatur 1 - Clinton 1
BOTTOM OF THE 9TH
Clinton Pilots batting - Pitching for Decatur Commodores : RHP Lee Tunnell
Batting: LHB Roman Dusquesne 0-0: Ball
1-0: Ball
2-0: Foul Ball, location: 2F
2-1: Ball
3-1: Foul Ball, location: 2F
3-2: Strikes out swinging
Batting: RHB Edwin Rodriguez 0-0: Swinging Strike
0-1: Called Strike
0-2: Ball
1-2: Ball
2-2: Ball
3-2: Foul Ball, location: 2F
3-2: Fly out, F8 (Flyball, 8LM, EV 86.9 MPH)
Pinch Hitting: RHB Donn Koch 0-0: Ball
1-0: Called Strike
1-1: Ground out 4-3 (Groundball, 4, EV 103.8 MPH)
Bottom of the 9th over - 0 runs, 0 hits, 0 errors, 0 left on base; Decatur 1 - Clinton 1
TOP OF THE 10TH
Decatur Commodores batting - Pitching for Clinton Pilots : RHP Greg Mize
Now at C: Donn Koch
Batting: RHB Donald Johnson 0-0: Ground out 4-3 (Groundball, 4, EV 97.5 MPH)
Pinch Hitting: LHB Alexis Marte 0-0: Swinging Strike
0-1: Called Strike
0-2: Ball
1-2: Strikes out swinging
Pinch Hitting: LHB Russ Aldrich 0-0: Ball
1-0: Ground out 4-3 (Groundball, 4, EV 86.3 MPH)
Top of the 10th over - 0 runs, 0 hits, 0 errors, 0 left on base; Decatur 1 - Clinton 1
BOTTOM OF THE 10TH
Clinton Pilots batting - Pitching for Decatur Commodores : RHP Lee Tunnell
Pitching: LHP Mark Paradise
Now at C: Russ Aldrich
Now in RF: Alexis Marte
Batting: RHB Abe Rael 0-0: Called Strike
0-1: Fly out, F2 (Popup, 23F, EV 80.0 MPH)
Pinch Hitting: RHB Ron Stinnett 0-0: Called Strike
0-1: DOUBLE (Line Drive, 7LS, EV 111.9 MPH)
Batting: RHB Alberto Reyes 0-0: Intentional Walk
Batting: LHB Juan Flores 0-0: Ball
1-0: Ball
2-0: Ball
3-0: Base on Balls
Ron Stinnett to third
Alberto Reyes to second
Pinch Hitting: RHB Ferdinand Rivera 0-0: Ball
1-0: Called Strike
1-1: Ball
2-1: Ball
3-1: Swinging Strike
3-2: Fly out, F2 (Popup, 25F, EV 80.6 MPH)
Batting: SHB Kurt Seibert 0-0: Called Strike
0-1: Ball
1-1: Fielders Choice at 2nd, 5-4 (Groundball, 5, EV 105.0 MPH)
Bottom of the 10th over - 0 runs, 1 hit, 0 errors, 3 left on base; Decatur 1 - Clinton 1
TOP OF THE 11TH
Decatur Commodores batting - Pitching for Clinton Pilots : RHP Greg Mize
Pitching: RHP Robert Davis
Now at 3B: Ron Stinnett
Now in LF: Ferdinand Rivera
Batting: RHB Rafael Sanchez 0-0: Ball
1-0: Called Strike
1-1: Ball
2-1: Ball
3-1: Base on Balls
Batting: SHB Daniel Wieser 0-0: Ball
1-0: Ball
2-0: Ball
3-0: Called Strike
3-1: Base on Balls
Rafael Sanchez to second
Batting: SHB Rondin Johnson 0-0: Bunt missed!
0-1: Ball
1-1: Bunt missed!
1-2: Grounds into double play, 4-6-3 (Groundball, 4, EV 102.5 MPH)
Rafael Sanchez to third
Batting: LHB Jeffrey Szczecinski 0-0: Intentional Walk
Batting: SHB Roger Holt 0-0: Ball
1-0: Ball
2-0: Fly out, F8 (Line Drive, 8RD, EV 93.1 MPH)
Top of the 11th over - 0 runs, 0 hits, 0 errors, 2 left on base; Decatur 1 - Clinton 1
BOTTOM OF THE 11TH
Clinton Pilots batting - Pitching for Decatur Commodores : LHP Mark Paradise
Pitching: RHP Larry Kuhn
Batting: LHB Roman Dusquesne 0-0: SINGLE (Line Drive, 6M, EV 95.0 MPH)
Batting: RHB Edwin Rodriguez 0-0: Bunt missed!
0-1: Bunt missed!
0-2: Ball
1-2: Fly out, F8 (Flyball, 8RD, EV 97.5 MPH)
Batting: RHB Donn Koch 0-0: Called Strike
0-1: Ball
1-1: Swinging Strike
1-2: Foul Ball, location: 2F
1-2: Strikes out looking
Batting: RHB Abe Rael 0-0: Ball
1-0: Called Strike
1-1: Ball
2-1: SINGLE (Line Drive, 9, EV 98.8 MPH)
Roman Dusquesne to second
Runner from 2nd tries for 3rd, SAFE, throw by RF made to third
Batting: RHB Ron Stinnett 0-0: SINGLE (Line Drive, 4D, EV 100.0 MPH)
Roman Dusquesne scores
Bottom of the 11th over - 1 run, 3 hits, 0 errors, 0 left on base; Decatur 1 - Clinton 2
Friday, August 14th, 2020 - OOTP Baseball 21.5 Build 76